 Dungeon Crawl Stone Soup version 0.22.0-38-g04b72b8c25 (webtiles) character file.

67 Jynx the Chiller (level 4, -5/30 HPs)
             Began as a Merfolk Ice Elementalist on Aug 30, 2018.
             Slain by a gnoll
             ... wielding a +0 spear
              (9 damage)
             ... on level 1 of the Dungeon.
             The game lasted 00:05:00 (1936 turns).

Jynx the Chiller (Merfolk Ice Elementalist)         Turns: 1936, Time: 00:05:01

Health: -5/30      AC:  3    Str: 13    XL:     4   Next: 16%
Magic:  7/8        EV: 13    Int: 15    God:
Gold:   77         SH:  0    Dex: 14    Spells: 7/8 levels left

rFire    . . .     SeeInvis .   n - +1 dagger
rCold    . . .     Gourm    .   (no shield)
rNeg     . . .     Faith    .   a - +1 robe
rPois    .         Spirit   .   (no helmet)
rElec    .         Reflect  .   (no cloak)
rCorr    .         Harm     .   (no gloves)
MR       +....                  (no boots)
Stlth    ++........             (no amulet)
HPRegen  0.10/turn              m - ring of protection from magic
MPRegen  0.11/turn              (no ring)

@: mighty
A: change form in water, swift swim, stealthy swim
a: no special abilities


You were on level 1 of the Dungeon.
You were not hungry.

You visited 1 branch of the dungeon, and saw 3 of its levels.

You collected 77 gold pieces.

Inventory:

Hand Weapons
 n - a +1 dagger (weapon)
Armour
 a - a +1 robe (worn)
Jewellery
 d - an uncursed amulet of guardian spirit
 m - a ring of protection from magic (left hand)
Scrolls
 g - 2 scrolls of identify
Potions
 e - a potion of lignification
Comestibles
 c - 4 rations
 o - 3 chunks of flesh


   Skills:
 + Level 0.4 Short Blades
 - Level 2.6 Dodging
 - Level 2.1 Stealth
 + Level 2.7 Spellcasting
   Level 0.7 Conjurations
 * Level 4.8 Ice Magic


You had 7 spell levels left.
You knew the following spells:

 Your Spells              Type           Power        Failure   Level  Hunger
a - Freeze                Ice            ###.         2%          1    #......

Your spell library contained the following spells:

 Spells                   Type           Power        Failure   Level  Hunger
 Throw Frost              Conj/Ice       ##....       10%         2    ##.....
 Ozocubu's Armour         Chrm/Ice       #.......     22%         3    ###....
 Throw Icicle             Conj/Ice       ##......     54%         4    #####..
 Summon Ice Beast         Ice/Summ       #.......     58%         4    #####..


Dungeon Overview and Level Annotations

Branches:
Dungeon (3/15)

Altars:


Message History

You cannot move.
Casting: Freeze (safe; 2% risk of failure)
Confirm with . or Enter, or press ? or * to list all spells.
Okay, then.
There are no items here.
The gnoll hits you but does no damage. The gnoll hits you but does no damage.
Your transformation is almost over.
The gnoll hits you but does no damage. The gnoll hits you but does no damage.
The gnoll hits you but does no damage. The gnoll hits you but does no damage.
The gnoll hits you but does no damage. The gnoll hits you but does no damage.
The gnoll hits you but does no damage. The gnoll hits you but does no damage.
You feel less wooden.
Your +1 robe unmelds from your body.
The gnoll hits you from afar with a spear!
You die...

#....#.#.###......#..# #...
#........# ######....####..(
#....##.## ##.........#...
##......### ##..######....#≈
#........# #..## #.##.#≈
##....###.###.## #.##.##
##..#.(..#.....##### #......
##.....##..###......#######.#.
###....#####.#.@.####...........
#......# #.#†### #####.......
#......# #..g# #####....###..#
#.....## ##..###.....#####...#
#####.# #...##.##### ##.#.# #.#
##.>##.# ##..#.#
#####.########.....# ###..##..
#..........##..#########...#####
#....#####.....))........### #


You could see a gnoll.

Vanquished Creatures
  A gnoll (D:1)
  2 adders (D:2)
  A worm (D:2)
  A dart slug (D:1)
  2 leopard geckos
  A ball python (D:1)
  4 bats
  A giant cockroach (D:2)
  2 goblins
  5 hobgoblins
  2 quokkas
  2 frilled lizards
  4 kobolds
  5 rats (D:1)
33 creatures vanquished.

Notes
Turn   | Place    | Note
-------+----------+-------------------------------------------
     0 | D:1      | Jynx the Merfolk Ice Elementalist began the quest for the Orb.
     0 | D:1      | Reached XP level 1. HP: 13/13 MP: 3/3
   203 | D:1      | Reached XP level 2. HP: 17/19 MP: 1/5
   650 | D:1      | Reached skill level 4 in Ice Magic
  1036 | D:2      | Reached XP level 3. HP: 22/24 MP: 0/6
  1908 | D:1      | Reached XP level 4. HP: 5/30 MP: 4/8
  1936 | D:1      | Slain by a gnoll

Skill      XL: |  1  2 |
---------------+-------+-----
Ice Magic      | 4 |  4.8
Short Blades   | |  0.4
Dodging        | |  2.6
Stealth        | |  2.1
Spellcasting   | |  2.7
Conjurations   | |  0.7

Action                   |  1- 3 |  4- 6 || total
-------------------------+-------+-------++-------
Melee: Unarmed           |    55 |       ||    55
 Cast: Freeze            |    54 |     1 ||    55
  Use: Scroll            |     2 |     4 ||     6
       Potion            |     1 |     3 ||     4
 Stab: Sleeping          |     1 |       ||     1
  Eat: Chunk             |     4 |       ||     4
Armor: Robe              |    20 |       ||    20
       Skin              |     5 |    24 ||    29
Dodge: Dodged            |    74 |     1 ||    75
